 Dungeon Crawl Stone Soup version 0.31-a0-702-gf82c85558f (webtiles) character file.

Game seed: 8870486259717228195

365 qw the Shooter (level 6, -2/38 HPs)
             Began as a Gargoyle Hunter on Sept 8, 2023.
             Slain by an ufetubus (3 damage)
             ... summoned by Eustachio
             ... on level 4 of the Dungeon.
             The game lasted 00:01:10 (2233 turns).

qw the Shooter (Gargoyle Hunter)                    Turns: 2233, Time: 00:01:11

Health: -2/38      AC: 10    Str: 14      XL:     6   Next: 68%
Magic:  6/6        EV: 10    Int: 10      God:
Gold:   34         SH:  0    Dex: 14 (15) Spells: 5/5 levels left

rFire   . . .        Y - +1 shortbow
rCold   . . .        (shield currently unavailable)
rNeg    + . .        d - +0 ring mail
rPois   inf          (no helmet)
rElec   +            f - +0 cloak
rCorr   +            (no gloves)
SInv    .            (no boots)
Will    .....        (no amulet)
Stlth   +            c - ring of resist corrosion
HPRegen 0.26/turn    (no ring)
MPRegen 0.10/turn

%: no passive effects
@: no status effects
A: sickness immunity, AC +4, negative energy resistance 1, electricity
resistance, torment resistance 1, petrification resistance
a: no special abilities


You were on level 4 of the Dungeon.
You visited 1 branch of the dungeon, and saw 4 of its levels.

You collected 100 gold pieces.
You spent 66 gold pieces at shops.


Innate Abilities, Weirdness & Mutations

You are immune to sickness and miasma.
Your stone body is resilient. (AC +4)
You are immune to poison.
You resist negative energy. (rN+)
You are resistant to electric shocks. (rElec)
You are resistant to unholy torment.
You are immune to petrification.


   Skills:
 - Level 4.0 Fighting
 + Level 7.0 Ranged Weapons
 - Level 1.0 Armour
 - Level 1.5 Dodging
 - Level 1.1 Stealth


You had 5 spell levels left.
You didn't know any spells.
Your spell library was empty.

Inventory:

Hand Weapons
 Y - a +1 shortbow (weapon)
Armour
 b - a +0 helmet
 d - a +0 ring mail (worn)
 f - a +0 cloak (worn)
Jewellery
 c - a ring of resist corrosion (left hand)
Scrolls
 a - a scroll of identify
Potions
 h - a potion of curing
 k - a potion of might {unknown}

Dungeon Overview and Level Annotations

Branches:
Dungeon (4/15)
 Temple: D:4-7

Altars:
Sif Muna
Uskayaw
Wu Jian

Shops:
D:2 ?***(

Annotations:
D:2 1 runed translucent door, Crazy Yiuf
D:4 Eustachio


Message History

The shadow imp disappears in a puff of smoke!
Eustachio casts a spell.
Eustachio blinks!
2225 ||| Stepping ~*~*~tactically~*~*~ (outnumbered).
You shoot an arrow. The arrow completely misses the quokka.
You shoot an arrow.
The arrow hits the quokka but does no damage.
The quokka barely misses you.
The quokka bites you but does no damage. x2
You shoot an arrow.
The arrow hits the quokka but does no damage.
The quokka bites you but does no damage. x2
Eustachio gestures wildly while chanting.
The quokka barely misses you.
You shoot an arrow. The arrow hits the quokka.
The quokka is severely wounded.
The quokka bites you. The quokka barely misses you.
The quokka bites you but does no damage.
You shoot an arrow. The arrow hits the quokka.
You kill the quokka!
The quokka's corpse disappears in a puff of smoke!
The quokka barely misses you.
The ufetubus hits you but does no damage.
The ufetubus barely misses you.
2231 |||
Found retreat position at 1,-1 (ufetubus; open_door) with 0 blocking monsters and 3 monsters attacking at destination at distance 1 You shoot an arrow.
The arrow barely misses the ufetubus.
The ufetubus hits you. The ufetubus misses you. The quokka bites you.
Eustachio casts a spell.
The ufetubus hits you but does no damage.
The ufetubus hits you.
The quokka bites you but does no damage.
2232 |||
Found retreat position at 1,-6 (floor) with 0 blocking monsters and 3 monsters attacking at destination at distance 6
2232 ||| Stepping ~*~*~tactically~*~*~ (retreating).
The quokka bites you but does no damage.
The rat bites you.
2233 |||
Found retreat position at 2,-5 (floor) with 0 blocking monsters and 3 monsters attacking at destination at distance 5
2233 ||| Stepping ~*~*~tactically~*~*~ (retreating).
The ufetubus attacks as it pursues you! The ufetubus barely misses you.
The ufetubus closely misses you. The ufetubus hits you.
You die...

#+###...#
#..>....#
#<.# ..# ..#
#..##..##..#
#...#..=....
#..##...$.
##..# ....
#...# ..#
#@rr##..#####
#.5.@rr......
#...##.......
#...# ....##.
#....# ....#
#....# #####
+.....
#.....#
#######


You could see Eustachio, an ufetubus (summoned), 3 quokkas and a rat (summoned).

Vanquished Creatures
  Grinder (D:3)
  Jessica (D:2)
  4 gnolls
  2 adders
  A worm (D:2)
  2 dart slugs
  4 orcs (D:3)
  6 ball pythons
  3 endoplasms (D:1)
  6 giant cockroaches
  4 goblins
  7 hobgoblins
  11 jackals
  3 quokkas (D:1)
  6 bats
  2 frilled lizards (D:1)
  4 kobolds
  A rat (D:3)
68 creatures vanquished.

Notes
Turn   | Place    | Note
-------+----------+-------------------------------------------
     0 | D:1      | qw the Gargoyle Hunter began the quest for the Orb.
     0 | D:1      | Reached XP level 1. HP: 12/12 MP: 1/1
     0 | D:1      | 0 ||| qw: Version: 0.3-a-76-g4403597
     0 | D:1      | 0 ||| qw: Game counter: 1091
     0 | D:1      | 0 ||| qw: Melee chars always use a shield: true
     0 | D:1      | 0 ||| qw: God list: Okawaru
     0 | D:1      | 0 ||| qw: Allow faded altars: false
     0 | D:1      | 0 ||| qw: Do Orc after clearing Dungeon:15 true
     0 | D:1      | 0 ||| qw: Do second Lair branch before Depths: true
     0 | D:1      | 0 ||| qw: Lair rune preference: random
     0 | D:1      | 0 ||| qw: Goals: Normal
     0 | D:1      | 0 ||| PLANNING D:1-11
    35 | D:1      | You fall into a shaft and drop 1 floor!
    38 | D:2      | 38 ||| DROPPING scroll of butterflies.
    82 | D:1      | Reached XP level 2. HP: 17/17 MP: 2/2
   121 | D:1      | HP: 4/17 [gnoll/+0 whip (3)]
   127 | D:1      | Reached XP level 3. HP: 7/21 MP: 3/3
   256 | D:1      | Reached skill level 5 in Ranged Weapons
   581 | D:1      | 581 ||| READING scroll labelled MEOPET KUDIT.
   582 | D:1      | 582 ||| READING scroll labelled WAFUYS FEMIKEO.
   585 | D:1      | 585 ||| READING scroll labelled XUOJUR OTINKO.
   646 | D:2      | Found Neleru's Magic Scroll Shoppe.
   653 | D:2      | 653 ||| SHOPLISTING scroll of enchant weapon (82 gold, have
                  | 56).
   653 | D:2      | 653 ||| BUYING scroll of identify (22 gold).
   653 | D:2      | Bought a scroll of identify for 22 gold pieces
   653 | D:2      | 653 ||| BUYING scroll of identify (22 gold).
   653 | D:2      | Bought a scroll of identify for 22 gold pieces
   653 | D:2      | 653 ||| SHOPLISTING scroll of identify (22 gold, have 12).
   653 | D:2      | Noticed Jessica
   656 | D:2      | Killed Jessica
   657 | D:2      | Reached skill level 3 in Fighting
   657 | D:2      | Reached XP level 4. HP: 28/28 MP: 4/4
   693 | D:2      | Found Ziqoedea's General Store.
   704 | D:2      | 704 ||| BUYING scroll of identify (22 gold).
   704 | D:2      | Bought a scroll of identify for 22 gold pieces
   704 | D:2      | 704 ||| SHOPLISTING scroll of identify (22 gold, have 13).
   764 | D:2      | Found Iveigean's General Store.
   764 | D:2      | Found Wicuoty's Assorted Antiques.
   769 | D:2      | Found Azaing's Antique Weapon Emporium.
   778 | D:2      | 778 ||| SHOPLISTING +0 ring mail (40 gold, have 19).
   778 | D:2      | 778 ||| SHOPLISTING +0 ring mail of poison resistance (80
                  | gold, have 19).
   778 | D:2      | 778 ||| SHOPLISTING potion of curing (30 gold, have 19).
   778 | D:2      | 778 ||| SHOPLISTING scroll of identify (20 gold, have 19).
   784 | D:2      | 784 ||| SHOPLISTING runed shortbow (132 gold, have 19).
   900 | D:2      | 900 ||| SHOPLISTING 2 ruby potions (37 gold, have 19).
   900 | D:2      | 900 ||| SHOPLISTING dented citrine amulet (105 gold, have
                  | 19).
   900 | D:2      | 900 ||| SHOPLISTING helmet (94 gold, have 19).
   900 | D:2      | 900 ||| SHOPLISTING scroll labelled RORACV NYPEQ (21 gold,
                  | have 19).
   900 | D:2      | 900 ||| SHOPLISTING scroll of identify (42 gold, have 19).
   900 | D:2      | 900 ||| SHOPLISTING steaming shortbow (168 gold, have 19).
   928 | D:2      | Found a runed translucent door.
   929 | D:2      | Noticed Crazy Yiuf
  1264 | D:2      | 1264 ||| READING scroll labelled HOFEYFEYKK.
  1265 | D:2      | 1265 ||| READING scroll labelled KOT XEMARASKADU.
  1266 | D:2      | 1266 ||| READING scroll labelled USIYLL IXEES.
  1267 | D:2      | 1267 ||| READING scroll labelled DIRAFFIRIEVU.
  1268 | D:2      | 1268 ||| READING 3 scrolls of identify.
  1268 | D:2      | 1268 ||| IDENTIFYING fuming purple potion
  1269 | D:2      | 1269 ||| READING 2 scrolls of identify.
  1269 | D:2      | 1269 ||| IDENTIFYING viscous sapphire potion
  1270 | D:2      | 1270 ||| DROPPING potion of berserk rage.
  1353 | D:3      | Noticed Grinder
  1363 | D:3      | Paralysed by Grinder for 5 turns
  1374 | D:3      | Killed Grinder
  1375 | D:3      | Reached skill level 7 in Ranged Weapons
  1375 | D:3      | Reached XP level 5. HP: 27/32 MP: 5/5
  1375 | D:3      | Reached XP level 6. HP: 31/37 MP: 6/6
  1453 | D:3      | HP: 6/38 [gnoll/+0 halberd (5)]
  1454 | D:3      | 1454 ||| DRINKING potion of heal wounds.
  1466 | D:3      | HP: 5/38 [gnoll/+0 halberd (9)]
  1469 | D:3      | 1469 ||| FLEEEEING.
  1470 | D:3      | 1470 ||| FLEEEEING.
  1471 | D:3      | 1471 ||| FLEEEEING.
  1472 | D:3      | 1472 ||| FLEEEEING.
  1473 | D:3      | 1473 ||| FLEEEEING.
  1474 | D:3      | 1474 ||| FLEEEEING.
  1475 | D:3      | 1475 ||| FLEEEEING.
  1476 | D:3      | 1476 ||| FLEEEEING.
  1477 | D:3      | 1477 ||| FLEEEEING.
  1478 | D:3      | 1478 ||| FLEEEEING.
  1479 | D:3      | 1479 ||| FLEEEEING.
  1480 | D:3      | 1480 ||| FLEEEEING.
  1481 | D:3      | 1481 ||| FLEEEEING.
  1482 | D:3      | 1482 ||| FLEEEEING.
  1483 | D:3      | 1483 ||| FLEEEEING.
  1484 | D:3      | 1484 ||| STAIRDANCE
  1643 | D:2      | 1643 ||| UPGRADING to +0 ring mail.
  1653 | D:2      | 1653 ||| DROPPING +0 leather armour.
  1654 | D:2      | 1654 ||| UPGRADING to +0 cloak.
  1659 | D:2      | 1659 ||| READING scroll labelled GUOTWU UMOLEA.
  1732 | D:3      | Found a hide-covered altar of Uskayaw.
  1735 | D:3      | Found a shimmering blue altar of Sif Muna.
  1840 | D:3      | Reached skill level 1 in Armour
  2016 | D:3      | Found an ornate altar of the Wu Jian Council.
  2133 | D:3      | 2133 ||| UPGRADING to ring of resist corrosion.
  2134 | D:3      | 2134 ||| READING scroll labelled RORACV NYPEQ.
  2135 | D:3      | 2135 ||| READING 3 scrolls of identify.
  2135 | D:3      | 2135 ||| IDENTIFYING sedimented orange potion
  2136 | D:3      | 2136 ||| READING 2 scrolls of identify.
  2136 | D:3      | 2136 ||| IDENTIFYING white potion
  2137 | D:3      | 2137 ||| DROPPING potion of attraction.
  2164 | D:4      | Noticed Eustachio
  2167 | D:4      | 2167 ||| RETREATING.
  2169 | D:4      | 2169 ||| RETREATING.
  2207 | D:4      | 2207 ||| RETREATING.
  2218 | D:4      | 2218 ||| Stepping ~*~*~tactically~*~*~ (retreating).
  2225 | D:4      | 2225 ||| Stepping ~*~*~tactically~*~*~ (outnumbered).
  2229 | D:4      | HP: 8/38 [quokka[Eustachio] (4)]
  2231 | D:4      | HP: 2/38 [ufetubus[Eustachio] (2)]
  2232 | D:4      | 2232 ||| Stepping ~*~*~tactically~*~*~ (retreating).
  2233 | D:4      | 2233 ||| Stepping ~*~*~tactically~*~*~ (retreating).
  2233 | D:4      | Slain by an ufetubus

Levels and vault maps discovered:
D:1:      dpeg_arrival_windows_large_door, layout_basic,
          chequers_serial_rivers_micro_b
D:2:      layout_basic, serial_shops, nicolae_shop_crystal, shop,
          nicolae_shop_dealshenge, shop, nicolae_shop_window_shopping,
          uniq_jessica, uniq_crazy_yiuf_cottage
D:3:      layout_basic, nicolae_wu_jian_glorious_leap,
          grunt_temple_overflow_open, uniq_grinder
D:4:      layout_gridville, minmay_temple_entry_statues_pillars, serial_shops,
          shop, minmay_hollow_rounded_squares, uniq_natasha, uniq_pikel,
          uniq_eustachio, uniq_edmund

Skill      XL: |  1  2  3  4  5  6 |
---------------+-------------------+-----
Ranged Weapons | 5 7 |  7.0
Fighting       | 3 4 |  4.0
Armour         | 1 |  1.0
Dodging        | |  1.5
Stealth        | |  1.1

Action                     |  1- 3 |  4- 6 || total
---------------------------+-------+-------++-------
   Fire: Shortbow          |    93 |   195 ||   288
    Use: Scroll            |     3 |    10 ||    13
         Potion            |       |     1 ||     1
 Armour: Leather armour    |    25 |    42 ||    67
         Ring mail         |       |    95 ||    95
  Dodge: Dodged            |    39 |   111 ||   150

Table legend:
 A = Non-vault XP
 B = Vault XP
 C = Vault XP percentage of total XP
 D = Non-vault monster count
 E = Vault monster count
 F = Vault count percentage of total count
                 A         B        C        D         E       F
            +---------+---------+-------+---------+---------+-------
      Total |     199 |     323 |  61.9 |      66 |       2 |   2.9
            +---------+---------+-------+---------+---------+-------
        D:1 |      60 |       0 |   0.0 |      27 |       0 |   0.0
        D:2 |      37 |      37 |  50.0 |      12 |       1 |   7.7
        D:3 |     101 |     286 |  73.9 |      26 |       1 |   3.7
        D:4 |       1 |       0 |   0.0 |       1 |       0 |   0.0
            +---------+---------+-------+---------+---------+-------
